 Dungeon Crawl Stone Soup version 0.23.1-37-gaa34b87b72 (webtiles) character file.

Game seed: 18363048907988526401

26 PikkenKukken the Ducker (level 2, -9/14 HPs)
             Began as a Spriggan Transmuter on Mar 26, 2019.
             Killed by nerve-wracking pain
             ... invoked by a shadow imp
              (14 damage)
             ... on level 2 of the Dungeon.
             The game lasted 00:02:40 (1512 turns).

PikkenKukken the Ducker (Spriggan Transmuter)       Turns: 1512, Time: 00:02:40

Health: -9/14      AC:  2    Str:  6    XL:     2   Next: 89%
Magic:  7/7        EV: 19    Int: 14    God:
Gold:   69         SH:  0    Dex: 16    Spells: 4/7 levels left

rFire    . . .     SeeInvis +     - Unarmed
rCold    . . .     Gourm    .   (shield restricted)
rNeg     . . .     Faith    .   b - +0 robe
rPois    .         Spirit   .   (helmet restricted)
rElec    .         Reflect  .   (no cloak)
rCorr    .         Harm     .   (gloves unavailable)
MR       .....                  (boots unavailable)
Stlth    +.........             (no amulet)
HPRegen  0.04/turn              (no ring)
MPRegen  0.10/turn              (no ring)

@: appendage (expiring), very quick
A: very small, unfitting armour, talons 3, see invisible, herbivore, speed 3,
slow metabolism 2
a: End Transformation


You were on level 2 of the Dungeon.
You were not hungry.
You had grown temporary talons.
You visited 1 branch of the dungeon, and saw 2 of its levels.

You collected 69 gold pieces.

Inventory:

Missiles
 a - 37 arrows
Armour
 b - a +0 robe (worn)
Scrolls
 c - a scroll of remove curse {unknown}
 e - 2 scrolls of identify {unknown}
 h - a scroll of enchant weapon {unknown}
Potions
 f - a potion of curing {unknown}
 g - a potion of resistance {unknown}
 i - a potion of heal wounds {unknown}
Comestibles
 d - 4 rations


   Skills:
 * Level 1.4 Fighting
 + Level 3.4 Dodging
 * Level 2.7 Unarmed Combat
 + Level 3.0 Spellcasting
 - Level 2.6 Transmutations


You had 4 spell levels left.
You knew the following spells:

 Your Spells              Type           Power        Failure   Level  Hunger
a - Beastly Appendage     Tmut           #.....       7%          1    #......
b - Sticks to Snakes      Tmut           #.......     11%         2    ##.....

Your spell library contained the following spells:

 Spells                   Type           Power        Failure   Level  Hunger
 Spider Form              Tmut/Pois      #.........   36%         3    ###....
 Ice Form                 Ice/Tmut       #.......     77%         4    #####..
 Blade Hands              Tmut           #.........   89%         5    ######.


Dungeon Overview and Level Annotations

Branches:
Dungeon (2/15)

Altars:

Annotations:
D:2 exclusion: gnoll


Innate Abilities, Weirdness & Mutations

You are very small and have problems with some larger weapons.
You are too small for most types of armour.
You have supernaturally acute eyesight. (SInv)
You are a herbivore.
You cover ground extremely quickly.
You need to consume almost no food.
You have claws for feet.


Message History

The shadow imp is heavily wounded.
Your transformation is almost over.
The shadow imp puffs mist at you. The shadow imp hits you.
You are too injured to fight recklessly!
You barely miss the shadow imp. Your kick misses the shadow imp.
The shadow imp is heavily wounded.
The shadow imp misses you.
You hit the shadow imp.
The shadow imp is severely wounded.
The shadow imp closely misses you.
You hit the shadow imp.
The shadow imp is almost dead.
The shadow imp completely misses you.
You closely miss the shadow imp. You claw the shadow imp.
The shadow imp is almost dead.
The shadow imp gestures at you. Pain shoots through your body!
Ouch! That really hurt!
You die...

####..........
#..........
##############
............##########
......................
#########......#######
#......#
#......#######
###.....@5...#
#..........#
.............#
..............#
....#.........#
....#.........# ...
###########


You could see a shadow imp.

Vanquished Creatures
  4 dart slugs
  A goblin (D:2)
  A hobgoblin (D:1)
  6 jackals
  2 kobolds (D:1)
  A bat (D:1)
  A frilled lizard (D:1)
  A rat (D:2)
17 creatures vanquished.

Notes
Turn   | Place    | Note
-------+----------+-------------------------------------------
     0 | D:1      | PikkenKukken the Spriggan Transmuter began the quest for
                  | the Orb.
     0 | D:1      | Reached XP level 1. HP: 9/9 MP: 5/5
    71 | D:1      | Noticed an ogre
    71 | D:1      | Noticed an ogre
    71 | D:1      | Noticed an ogre
   108 | D:1      | Reached skill level 1 in Fighting
   215 | D:1      | Reached XP level 2. HP: 14/14 MP: 4/6
   219 | D:1      | Learned a level 2 spell: Sticks to Snakes
   992 | D:1      | Noticed an ogre
  1512 | D:2      | Killed from afar by a shadow imp

Skill      XL: |  1  2 |
---------------+-------+-----
Fighting       | 1 |  1.4
Spellcasting   | 3 |  3.0
Dodging        | |  3.4
Unarmed Combat | |  2.7
Transmutations | |  2.6

Action                   || total
-------------------------++-------
Melee: Unarmed           ||   102
       Kick              ||    15
       Headbutt          ||     6
       Punch             ||     1
 Cast: Beastly Appendage ||    11
Armor: Robe              ||    13
Dodge: Dodged            ||    87
